 Dungeon Crawl Stone Soup version 0.25-a0-410-g53dbb631d1 (webtiles) character file.

Game seed: 2501172711193974748, levelgen mode: deterministic

152 MisterFreud the Conjurer (level 5, 0/42 HPs)
             Began as a Naga Fire Elementalist on Jan 13, 2020.
             Slain by a hobgoblin
             ... wielding a +0 club
             ... led by Robin
              (4 damage)
             ... on level 3 of the Dungeon.
             The game lasted 00:05:47 (2178 turns).

MisterFreud the Conjurer (Naga Fire Elementalist)   Turns: 2178, Time: 00:05:48

Health: 0/42       AC:  2    Str: 11    XL:     5   Next: 34%
Magic:  9/9        EV: 10    Int: 16    God:
Gold:   91         SH:  0    Dex: 11    Spells: 8/9 levels left

rFire    . . .     SeeInvis +   d - +0 mace (crush)
rCold    . . .     Gourm    .   (no shield)
rNeg     . . .     Faith    .   a - +0 robe
rPois    +         Spirit   .   (no helmet)
rElec    .         Reflect  .   (no cloak)
rCorr    .         Harm     .   (no gloves)
MR       .....                  (no barding)
Stlth    ++........             j - amulet of magic regeneration
HPRegen  0.14/turn              (no ring)
MPRegen  0.36/turn              (no ring)

@: about to teleport, very slow
A: large, see invisible, deformed body, poison resistance, slowness 2, slow
metabolism 1, spit poison 1, AC +1
a: Spit Poison


You were on level 3 of the Dungeon.
You were not hungry.

You visited 1 branch of the dungeon, and saw 3 of its levels.

You collected 91 gold pieces.

Inventory:

Hand Weapons
 d - a +0 mace of crushing (weapon)
 l - a -3 dagger
Missiles
 b - 72 arrows
 f - 71 stones (quivered)
 i - 22 bolts
 k - 2 datura-tipped darts
 t - 11 sling bullets
Armour
 a - a +0 robe (worn)
Jewellery
 j - an amulet of magic regeneration (around neck)
 o - an uncursed ring of protection from magic {unknown}
Scrolls
 g - a scroll of remove curse
 h - a scroll of random uselessness {unknown}
 m - a scroll of noise {unknown}
 n - a scroll of fear {unknown}
 p - a scroll of enchant weapon {unknown}
Potions
 q - a potion of degeneration {unknown}
 r - a potion of agility {unknown}
Comestibles
 c - 6 rations
 s - a chunk of flesh


   Skills:
 - Level 1.5 Dodging
 - Level 3.0 Stealth
 + Level 2.8 Spellcasting
 + Level 3.8 Conjurations
 + Level 3.7 Fire Magic


You had 8 spell levels left.
You knew the following spells:

 Your Spells              Type           Power        Failure   Level  Hunger
a - Foxfire               Conj/Fire      ##..         4%          1    #......

Your spell library contained the following spells:

 Spells                   Type           Power        Failure   Level  Hunger
 Conjure Flame            Conj/Fire      ##......     12%         3    ###....
 Inner Flame              Hex/Fire       #.......     26%         3    ###....
 Sticky Flame             Conj/Fire      ##......     36%         4    #####..
 Fireball                 Conj/Fire      ##........   73%         5    ######.


Dungeon Overview and Level Annotations

Branches:
Dungeon (3/15)

Altars:
Qazlal

Annotations:
D:3 Grinder, Robin, Terence


Innate Abilities, Weirdness & Mutations

You cannot wear boots.
Your serpentine skin is tough. (AC +1)
You have supernaturally acute eyesight. (SInv)
Armour fits poorly on your strangely shaped body.
Your system is resistant to poisons. (rPois)
You cover ground very slowly.
You have a slow metabolism.
You can spit poison.


Message History

The hobgoblin hits you with a +0 club!
The goblin shoots a stone.
The stone hits you but does no damage. The goblin completely misses you.
Terence says, "Don't bother to defend, it's pointless."
Robin roars a battlecry!
The goblins go into a battle-frenzy!
You see here a stone.
The goblin shoots a stone.
The stone barely misses you. The hobgoblin hits you with a +0 club.
* * * LOW HITPOINT WARNING * * *
You see here a stone.
Unknown command.
As you read the scroll labeled LOTAURPH LECZEILU, it crumbles to dust.
You feel strangely unstable.
It was a scroll of teleportation.
The hobgoblin hits you with a +0 club!
* * * LOW HITPOINT WARNING * * *
The goblin hits the bush but does no damage.
Terence screams, "I want your blood!"
Terence hits the bush but does no damage.
The hobgoblin hits you with a +0 club.
You die...

.# #..##.....PPP..##......#
.####÷##....#....####..)...#
÷##........#.....####.#.####
...÷##..#.#...#####.g.#.#
.#...........##P.#g.###g#
.#...##.#.#.##.♣..g####.#
.#......#.#.##...gg.....#
##....###.# #PPPPP@g....#
#.........#...P♣@gg......#
..........#.. ♣♣g.......#
.........PP. .........#
..........♣ ..........#
........... ...........#
........... .......%....#
.......##.. #............#
#............


You could see Terence, Robin, 3 hobgoblins and 5 goblins.

Vanquished Creatures
  Jessica (D:2)
  Natasha (thrice) (D:3)
  An adder (D:2)
  An ooze (D:2)
  2 dart slugs (D:2)
  A leopard gecko (D:3)
  5 goblins
  4 hobgoblins
  3 jackals (D:2)
  5 bats
  2 frilled lizards
  3 kobolds
  7 rats
38 creatures vanquished.

Vanquished Creatures (others)
  23 foxfires
23 creatures vanquished.

Grand Total: 61 creatures vanquished

Notes
Turn   | Place    | Note
-------+----------+-------------------------------------------
     0 | D:1      | MisterFreud the Naga Fire Elementalist began the quest for
                  | the Orb.
     0 | D:1      | Reached XP level 1. HP: 15/15 MP: 3/3
   781 | D:2      | Reached XP level 2. HP: 22/22 MP: 3/5
   926 | D:2      | Found a stormy altar of Qazlal.
   948 | D:2      | Reached XP level 3. HP: 15/28 MP: 6/6
  1063 | D:2      | Noticed Jessica
  1076 | D:2      | Killed Jessica
  1117 | D:2      | Reached XP level 4. HP: 36/36 MP: 7/7
  1629 | D:3      | Noticed Grinder
  1669 | D:3      | Noticed Natasha
  1676 | D:3      | Killed Natasha
  1730 | D:3      | Noticed Natasha
  1737 | D:3      | Killed Natasha
  1737 | D:3      | Reached XP level 5. HP: 20/42 MP: 7/9
  1766 | D:3      | Noticed Natasha
  1773 | D:3      | Killed Natasha
  1952 | D:3      | Paralysed by Grinder for 4 turns
  2162 | D:3      | Noticed Robin
  2163 | D:3      | Noticed Terence
  2178 | D:3      | Slain by a hobgoblin

Levels and vault maps discovered:
D:1:      minmay_arrival_four_circles, layout_basic
D:2:      layout_basic, nicolae_overflow_crystal_walls, grunt_decor_arrowhead,
          minmay_misc_feat_columns, uniq_jessica
D:3:      layout_rooms, serial_forest, infiniplex_forest_straight_2,
          infiniplex_forest_lined_4_way, infiniplex_forest_clump_curved,
          infiniplex_forest_end_2, infiniplex_forest_clump_medium,
          infiniplex_forest_corner_2, infiniplex_forest_clump_small,
          first_ration, uniq_natasha, uniq_grinder, uniq_robin, uniq_terence

Skill      XL: |  1  2 |
---------------+-------+-----
Conjurations   | 2 3 |  3.8
Dodging        | |  1.5
Stealth        | |  3.0
Spellcasting   | |  2.8
Fire Magic     | |  3.7

Action                   |  1- 3 |  4- 6 || total
-------------------------+-------+-------++-------
Melee: Mace              |    22 |    42 ||    64
 Cast: Foxfire           |    11 |     5 ||    16
 Abil: Spit Poison       |    21 |     9 ||    30
  Use: Scroll            |       |     2 ||     2
 Stab: Sleeping          |     2 |       ||     2
  Eat: Chunk             |     1 |     4 ||     5
Armor: Robe              |     5 |    15 ||    20
Dodge: Dodged            |    24 |    51 ||    75

Table legend:
 A = Non-vault XP
 B = Vault XP
 C = Vault XP percentage of total XP
 D = Non-vault monster count
 E = Vault monster count
 F = Vault count percentage of total count
                 A         B        C        D         E       F
            +---------+---------+-------+---------+---------+-------
      Total |     140 |      78 |  35.8 |      34 |       4 |  10.5
            +---------+---------+-------+---------+---------+-------
        D:1 |       9 |       0 |   0.0 |       8 |       0 |   0.0
        D:2 |      48 |      37 |  43.5 |      16 |       1 |   5.9
        D:3 |      83 |      41 |  33.1 |      10 |       3 |  23.1
            +---------+---------+-------+---------+---------+-------
